 Dungeon Crawl Stone Soup version 0.20-a0-261-gcb1eca7 (webtiles) character file.

233 DrossSylph the Cudgeler (level 5, -9/53 HPs)
             Began as a Troll Berserker on Dec 2, 2016.
             Was a Believer of Trog.
             Mangled by an ogre
             ... wielding a cursed -1 giant club
              (32 damage)
             ... on level 4 of the Dungeon.
             The game lasted 00:11:52 (2418 turns).

DrossSylph the Cudgeler (Troll Berserker)           Turns: 2418, Time: 00:11:53

Health: -9/53      AC:  5    Str: 25    XL:     5   Next: 74%
Magic:  4/4        EV: 10    Int:  3    God:    Trog [**....]
Gold:   80         SH:  0    Dex: 10    Spells: 4/4 levels left

rFire  . . .     SeeInvis .     j - +0 giant spiked club
rCold  . . .     Gourm    +     g - +0 robe
rNeg   . . .     Faith    +     (shield currently unavailable)
rPois  .         Spirit   .     (helmet restricted)
rElec  .         Reflect  .     (no cloak)
rCorr  .         Harm     .     (gloves unavailable)
MR     .....                    (boots unavailable)
Stlth  +.........               f - amulet of faith
                                (no ring)
                                (no ring)

@: no status effects
A: unfitting armour, claws 3, fast metabolism 3, gourmand, regeneration 1,
shaggy fur 1, tough skin 2
a: Berserk, Trog's Hand, Burn Spellbooks, Renounce Religion


You were on level 4 of the Dungeon.
You worshipped Trog.
Trog was pleased with you.
You were not hungry.

You visited 1 branch of the dungeon, and saw 4 of its levels.

You collected 80 gold pieces.

Inventory:

Hand Weapons
 a - a +0 mace
 j - a +0 giant spiked club (weapon)
 l - a +0 flail
Missiles
 e - 5 tomahawks (quivered)
Armour
 b - a +0 animal skin
 g - a +0 robe (worn)
Jewellery
 f - an amulet of faith (around neck)
Wands
 n - a wand of acid (2/15)
Scrolls
 d - a scroll of magic mapping
 k - a scroll of remove curse
 o - 2 scrolls of identify
Potions
 h - a potion of might {unknown}
 i - 2 potions of heal wounds
 m - 2 potions of flight
 q - a potion of agility {unknown}
 s - a potion of degeneration {unknown}
 t - a potion of curing {unknown}
Comestibles
 c - 3 bread rations
 p - 2 meat rations
 r - 2 beef jerkies


   Skills:
 - Level 3.0 Fighting
 * Level 5.2 Maces & Flails
 - Level 1.3 Throwing
 - Level 2.5 Dodging


You had 4 spell levels left.
You didn't know any spells.

Dungeon Overview and Level Annotations

Branches:
Dungeon (4/15)
 Temple: D:4-7

Altars:
Hepliaklqana
Uskayaw
Xom


Innate Abilities, Weirdness & Mutations

You are too large for most types of armour.
You have claws for hands.
Your metabolism is lightning-fast.
You like to eat raw meat.
Your natural rate of healing is unusually fast.
You are covered in fur. (AC +1)
You have very tough skin. (AC +2)


Message History

Found a stone staircase leading up.
HP restored.
You now have 80 gold pieces (gained 2).
o - 2 scrolls of identify (gained 1)
You open the door.
There is an open door here.
An ogre comes into view. It is wielding a giant club.
The ogre shouts!
You barely miss the ogre. The ogre closely misses you.
You hit the ogre.
The ogre is moderately wounded.
The ogre barely misses you.
You puncture the ogre!
The ogre is severely wounded.
The ogre hits you with a giant club!! The ogre hits you with a giant club!
You barely miss the ogre.
The ogre is severely wounded.
The ogre hits you with a giant club!!
Ouch! That really hurt!
You die...

#...#.#.......#.#
#...#....#.##.#.#
#...###.##.##.#.# #...#
#.##.##.#.# #...#
#.##.##.#.# ##########
#.##.##....
###.......####.##......#
..........'.##.##....#.#
......O@..#.##..#..###.#
..........#.#......#....
...##+##+##.##..#..#.#.#
. #.............#
#..#...#.......
#.........###.#
#....###......# ####.#
#.####.# #.# #.# #.#


You could see an ogre.

Vanquished Creatures
  An ogre (D:4)
  A centaur skeleton (D:4)
  Ijyb (D:3)
  5 adders
  A dart slug (D:2)
  8 orcs (D:3)
  A giant cockroach (D:1)
  5 goblins
  4 hobgoblins (D:3)
  2 jackals (D:3)
  3 kobolds
  A ball python (D:3)
  6 bats
  3 frilled lizards
  4 rats (D:1)
46 creatures vanquished.

Notes
Turn   | Place    | Note
-------+----------+-------------------------------------------
     0 | D:1      | DrossSylph the Troll Berserker began the quest for the Orb.
     0 | D:1      | Reached XP level 1. HP: 22/22 MP: 0/0
   342 | D:1      | Reached XP level 2. HP: 29/29 MP: 1/1
   883 | D:2      | Found a hide-covered altar of Uskayaw.
   899 | D:2      | Found a shimmering altar of Xom.
   902 | D:2      | Reached skill level 3 in Maces & Flails
  1445 | D:2      | Reached XP level 3. HP: 23/36 MP: 2/2
  1520 | D:3      | Reached ** piety under Trog
  1566 | D:3      | Noticed Ijyb
  1582 | D:3      | Killed Ijyb
  1582 | D:3      | Reached skill level 1 in Throwing
  1582 | D:3      | Reached XP level 4. HP: 45/45 MP: 3/3
  1982 | D:3      | Reached skill level 4 in Maces & Flails
  2033 | D:3      | Found a hazy altar of Hepliaklqana.
  2297 | D:4      | Reached XP level 5. HP: 51/53 MP: 4/4
  2299 | D:4      | Noticed an ogre
  2304 | D:4      | Killed an ogre
  2304 | D:4      | Reached skill level 5 in Maces & Flails
  2412 | D:4      | Noticed an ogre
  2418 | D:4      | Mangled by an ogre

Vault maps used:
D:1:      kilobyte_arrival_exit_the_forest
D:2:      grunt_temple_overflow_open, minivault_26
D:3:      nicolae_overflow_crystal_walls, first_bread,
          kennysheep_generic_room_11, uniq_iyjb
D:4:      nicolae_qazlal_eye_of_the_storm

Skill      XL: |  1  2  3  4  5 |
---------------+----------------+-----
Maces & Flails | 3 4 5 |  5.2
Fighting       | 3 |  3.0
Throwing       | 1 |  1.3
Dodging        | |  2.5

Action                   |  1- 3 |  4- 6 || total
-------------------------+-------+-------++-------
Melee: Mace              |    98 |    21 ||   119
       Flail             |       |    49 ||    49
       Giant spiked club |       |     9 ||     9
Invok: Berserk           |     1 |     1 ||     2
       Burn Spellbooks   |       |     1 ||     1
  Use: Scroll            |       |     7 ||     7
  Eat: Chunk             |    13 |     5 ||    18
       Meat ration       |     1 |       ||     1
       Pizza             |     1 |       ||     1
Armor: Animal skin       |    12 |       ||    12
       Robe              |    20 |    22 ||    42
Dodge: Dodged            |    52 |    56 ||   108
